 Dungeon Crawl Stone Soup version 0.21.0-3-g78d12a8 (webtiles) character file.

231 Ignatius881 the Caller (level 5, -5/28 HPs)
             Began as a Deep Elf Summoner on Jan 9, 2018.
             Slain by Grinder (9 damage)
             ... while paralysed by Grinder
             ... on level 4 of the Dungeon.
             The game lasted 00:11:34 (3371 turns).

Ignatius881 the Caller (Deep Elf Summoner)          Turns: 3371, Time: 00:11:34

Health: -5/28      AC:  2    Str:  5    XL:     5   Next: 73%
Magic:  9/14       EV:  2    Int: 21    God:
Gold:   196        SH:  0    Dex: 15    Spells: 4/14 levels left

rFire    . . .     SeeInvis .   s - +1 dagger (holy)
rCold    . . .     Gourm    .   (no shield)
rNeg     . . .     Faith    .   a - +0 robe
rPois    .         Spirit   .   (no helmet)
rElec    .         Reflect  .   (no cloak)
rCorr    .         Harm     .   (no gloves)
MR       .....                  (no boots)
Stlth    ++........             (no amulet)
HPRegen  0.09/turn              (no ring)
MPRegen  0.14/turn              (no ring)

@: paralysed
A: no striking features
a: no special abilities


You were on level 4 of the Dungeon.
You were hungry.

You visited 1 branch of the dungeon, and saw 4 of its levels.

You collected 196 gold pieces.

Inventory:

Hand Weapons
 i - a +0 dagger
   (You took it off a kobold on level 1 of the Dungeon)
 s - a +1 dagger of holy wrath (weapon)
   (You took it off a goblin on level 3 of the Dungeon)
Missiles
 f - 104 stones (quivered)
 q - 12 sling bullets
Armour
 a - a +0 robe (worn)
Jewellery
 o - a cursed amulet of inaccuracy {unknown}
   (You found it on level 4 of the Dungeon)
Wands
 t - a wand of flame (35)
   (You found it on level 2 of the Dungeon)
Scrolls
 k - 2 scrolls of teleportation {@r4}
 l - a scroll of enchant armour
 m - 2 scrolls of amnesia
Potions
 c - 2 potions of might {unknown}
 g - 2 potions of lignification {unknown}
 h - a potion of curing {unknown}
 j - a potion of haste {unknown}
 n - a potion of mutation {unknown}
 r - 3 potions of magic {unknown}
Books
 b - a book of Callings
Comestibles
 e - 8 rations


   Skills:
 - Level 2.4 Dodging
 - Level 2.4 Stealth
 + Level 5.1 Spellcasting
 * Level 6.6 Summonings
 + Level 1.4 Ice Magic


You had 4 spell levels left.
You knew the following spells:

 Your Spells              Type           Power        Failure   Level  Hunger
a - Summon Small Mammal   Summ           ####         1%          1    None
b - Call Imp              Summ           ####....     1%          2    None
c - Call Canine Familiar  Summ           ####....     1%          3    ##.....
d - Summon Ice Beast      Ice/Summ       ###.....     21%         4    ####...


Dungeon Overview and Level Annotations

Branches:
Dungeon (4/15)
 Temple: D:4-7

Altars:
Yredelemnul

Annotations:
D:4 Grinder


Message History

All of the chunks of flesh in your inventory have rotted away.
Grinder gestures at you.
You suddenly lose the ability to move!
Grinder blinks!
Your ice beast hits Grinder but does no damage.
Grinder hits you!
Your ice beast barely misses Grinder.
Grinder hits you!
* * * LOW HITPOINT WARNING * * *
Your ice beast closely misses Grinder.
Grinder gestures at you. Pain shoots through your body!
* * * LOW HITPOINT WARNING * * *
You can move again.
Your ice beast hits Grinder but does no damage.
Grinder gestures at you. Pain shoots through your body!
* * * LOW HITPOINT WARNING * * *
A beastly little devil appears in a puff of flame.
Your ice beast hits Grinder.
Your ice beast freezes Grinder.
Grinder resists.
Grinder completely misses you.
Your ice beast hits Grinder.
Your ice beast freezes Grinder.
Grinder resists.
Grinder barely misses you.
Your crimson imp blinks!
A beastly little devil appears in a puff of flame.
Your ice beast hits Grinder.
Your ice beast freezes Grinder.
Grinder resists.
Grinder misses you.
Your ice beast disappears in a puff of smoke!
Grinder hits you.
* * * LOW HITPOINT WARNING * * *
You swap places.
Grinder hits your crimson imp!
Your crimson imp hits Grinder but does no damage.
Grinder hits your crimson imp.
Your crimson imp hits Grinder.
Your crimson imp blinks!
Grinder hits your crimson imp!
Your crimson imp dies!
Grinder hits you.
* * * LOW HITPOINT WARNING * * *
You writhe in agony.
* * * LOW HITPOINT WARNING * * *
Your crimson imp blinks!
Grinder says, "Mostly I couldn't keep them alive."
Your crimson imp closely misses Grinder.
Your crimson imp hits Grinder but does no damage.
Your crimson imp blinks!
Your crimson imp hits Grinder but does no damage.
Your crimson imp barely misses Grinder.
Grinder gestures at you.
You suddenly lose the ability to move!
Your crimson imp barely misses Grinder.
Grinder hits you!
You die...

#..............#
#..............# ####
#..............# ...#
#..............# ...#
#.#...##'####### ...# #
#.#...##.# ...# #.
#.#.5.##.# ...####
####.##.#5..##.# ...'..#
........@......#
...##.##.###.##.########
...##.##.# #..#.#
...##.##.# #.#.####
...##.##.# #......#
...##.##.# ##.....#
...##.##.#####.....########
#####.#............'.......
#.(........>...########


You could see Grinder and a friendly crimson imp.

Vanquished Creatures
  A scorpion (D:4)
  A goblin (D:3)
  A kobold (D:3)
3 creatures vanquished.

Vanquished Creatures (collateral kills)
  Sigmund (D:2)
  A howler monkey (D:4)
  A hound (D:4)
  A worker ant (D:4)
  3 gnolls (D:2)
  4 adders
  3 dart slugs
  A leopard gecko (D:1)
  An orc (D:3)
  5 giant cockroaches
  4 goblins
  11 hobgoblins
  3 jackals (D:2)
  2 quokkas
  6 bats
  4 frilled lizards
  4 kobolds
  8 rats
63 creatures vanquished.

Grand Total: 66 creatures vanquished

Notes
Turn   | Place    | Note
-------+----------+-------------------------------------------
     0 | D:1      | Ignatius881 the Deep Elf Summoner began the quest for the Orb.
     0 | D:1      | Reached XP level 1. HP: 10/10 MP: 6/6
   580 | D:1      | Reached XP level 2. HP: 15/15 MP: 5/8
   608 | D:1      | Learned a level 2 spell: Call Imp
  1041 | D:2      | Reached skill level 5 in Summonings
  1117 | D:2      | Reached XP level 3. HP: 18/19 MP: 6/10
  1200 | D:2      | Learned a level 3 spell: Call Canine Familiar
  1281 | D:2      | Noticed Sigmund
  1554 | D:2      | Killed Sigmund
  1554 | D:2      | Reached skill level 6 in Summonings
  1554 | D:2      | Reached XP level 4. HP: 20/24 MP: 5/12
  1741 | D:2      | Learned a level 4 spell: Summon Ice Beast
  2073 | D:3      | Reached XP level 5. HP: 28/28 MP: 10/14
  2974 | D:4      | Found a basalt altar of Yredelemnul.
  3104 | D:4      | Reached skill level 1 in Ice Magic
  3104 | D:4      | Reached skill level 5 in Spellcasting
  3344 | D:4      | Noticed Grinder
  3348 | D:4      | Paralysed by Grinder for 5 turns
  3370 | D:4      | Paralysed by Grinder for 2 turns
  3371 | D:4      | Slain by Grinder

Skill      XL: |  1  2  3  4  5 |
---------------+----------------+-----
Summonings     | 5 6 |  6.6
Spellcasting   | 4 5 |  5.1
Ice Magic      | 1 |  1.4
Dodging        | |  2.4
Stealth        | |  2.4

Action                   |  1- 3 |  4- 6 || total
-------------------------+-------+-------++-------
Melee: Dagger            |     4 |    25 ||    29
Throw: Stone             |       |     6 ||     6
 Cast: Summon Small Mamm |    17 |       ||    17
       Call Imp          |    13 |    16 ||    29
       Call Canine Famil |     5 |     7 ||    12
       Summon Ice Beast  |       |     5 ||     5
  Use: Scroll            |     2 |     3 ||     5
  Eat: Chunk             |     2 |     7 ||     9
Armor: Robe              |    10 |    10 ||    20
Dodge: Dodged            |    28 |    31 ||    59
